Map: Ephemeron LE

Players

Denver - Winner!

  • Race: Zerg Zerg
  • Spawn Location: 5:00

Kelazhur

  • Race: Terran Terran
  • Spawn Location: 11:00

VOD

Have the link to the VOD?

Description

Time

  • Played on: Sept. 7, 2019, 10:58 a.m.
  • Length: 11:20
Show
View Real Time Build Order
Export as new Build Order

Denver Zerg - Winner!

Build Orders: Hatch First, Swarm Host 

Get SALT Encoding   

  12  0:00  Drone  
  13  0:12  Overlord  
  13  0:16  Drone  
  14  0:31  Drone x2  
  16  0:48  Hatchery  
  15  0:51  Drone  
  15  0:54  Drone  
  17  0:59  Drone  
  18  1:08  Extractor  
  17  1:13  Spawning Pool  
  17  1:17  Drone  
  17  1:20  Drone  
  18  1:27  Drone  
  19  1:38  Drone  
  20  1:49  Drone  
  21  2:00  Queen x2  
  26  2:01  Zergling x4  
  27  2:08  Metabolic Boost  
  27  2:10  Overlord  
  27  2:12  Drone  
  28  2:27  Extractor  
  28  2:29  Drone x2  
  29  2:33  Overlord  
  29  2:34  Drone  
  29  2:36  Queen  
  32  2:43  Drone x2  
  35  2:48  Pneumatized Carapace, Extractor  
  34  2:54  Drone x2  
  36  3:05  Drone x2  
  38  3:08  Extractor  
  38  3:12  Queen  
  40  3:17  Overlord  
  41  3:23  Extractor  
  41  3:26  Hatchery  
  40  3:28  Drone x2  
  40  3:32  Zergling x4  
  43  3:36  Overlord  
  43  3:37  Overlord  
  43  3:39  Drone  
  44  3:48  Drone x6  
  50  3:54  Zergling x2  
  51  3:59  Queen  
  51  4:00  Drone  
  54  4:03  Drone  
  54  4:08  Drone  
  56  4:14  Drone  
  57  4:20  Drone  
  57  4:21  Queen, Drone  
  60  4:25  Roach Warren, Drone x2  
  60  4:30  Spore Crawler  
  60  4:32  Drone  
  60  4:38  Lair  
  61  4:39  Spore Crawler, Drone  
  61  4:51  Queen  
  61  4:52  Drone x4  
  65  4:54  Spore Crawler, Extractor  
  65  4:55  Extractor  
  65  4:57  Spore Crawler, Overlord  
  65  4:58  Queen  
  63  5:05  Overlord  
  63  5:06  Roach x2  
  69  5:07  Roach  
  69  5:11  Overlord  
  69  5:15  Overlord  
  69  5:20  Roach x3  
  75  5:23  Drone x3  
  75  5:27  Queen  
  80  5:30  Drone  
  80  5:31  Drone  
  82  5:37  Roach x2  
  82  5:40  Drone x3  
  81  5:52  Drone  
  81  5:53  Drone x6  
  86  5:59  Drone  
  86  6:01  Glial Reconstitution, Extractor  
  86  6:05  Evolution Chamber, Drone x3  
  86  6:08  Drone x2  
  86  6:09  Drone  
  86  6:10  Overseer  
  91  6:14  Drone x3  
  91  6:18  Drone x3  
  97  6:23  Drone x3  
  100  6:26  Extractor  
  100  6:27  Extractor  
  100  6:29  Drone  
  100  6:30  Drone  
  100  6:31  Infestation Pit  
  99  6:37  Drone x3  
  101  6:42  Roach  
  101  6:43  Roach  
  101  6:44  Overlord  
  102  6:47  Overlord  
  102  6:49  Zerg Missile Weapons Level 1  
  102  6:53  Overlord, Hatchery  
  101  6:55  Overlord  
  101  6:58  Overlord  
  99  7:05  Roach x5  
  96  7:16  Roach x7  
  110  7:27  Nydus Network  
  110  7:28  Swarm Host  
  110  7:29  Swarm Host x3  
  121  7:34  Swarm Host x2  
  121  7:35  Swarm Host  
  130  7:40  Overlord  
  130  7:42  Overlord  
  130  7:45  Overlord  
  130  7:48  Overlord  
  130  7:50  Overlord  
  130  7:58  Overlord x2  
  130  7:59  Swarm Host x2  
  130  8:02  Swarm Host  
  130  8:05  Overlord  
  139  8:09  Spore Crawler  
  139  8:11  Overlord  
  139  8:12  Drone x4  
  142  8:17  Drone x4  
  146  8:21  Swarm Host x2  
  146  8:25  Overseer  
  146  8:26  Extractor x2  
  150  8:35  Swarm Host x4  
  150  8:38  Nydus Canal  
  150  8:41  Roach x3  
  168  8:43  Overseer  
  168  8:44  Overseer  
  168  8:49  Hive  
  168  8:51  Zerg Missile Weapons Level 2  
  168  9:00  Overlord, Roach x5  
  178  9:06  Overlord  
  178  9:09  Overlord  
  170  9:13  Drone x6  
  170  9:16  Roach x3  
  182  9:18  Nydus Canal  
  182  9:19  Ravager x2  
  182  9:20  Ravager  
  185  9:29  Ravager x2  
  187  9:33  Roach x3  
  187  9:35  Overseer  
  187  9:37  Nydus Canal, Hatchery  
  187  9:38  Roach  
  188  9:47  Roach x7  
  187  9:56  Roach x9  
  185  10:04  Roach x5  
  195  10:13  Roach x2  
  199  10:15  Overlord  
  199  10:22  Overlord  
  199  10:29  Ravager  
  199  10:31  Nydus Canal  
  200  10:44  Overlord  
Show
View Real Time Build Order
Export as new Build Order

Kelazhur Terran 

Build Orders: Gas First Reaper Expand, Hellion Opening, Mech 

Get SALT Encoding   

  12  0:00  SCV  
  13  0:12  SCV  
  14  0:17  Supply Depot  
  14  0:24  SCV  
  14  0:28  Refinery  
  15  0:38  SCV  
  16  0:44  Barracks  
  16  0:50  SCV  
  17  1:03  SCV  
  18  1:15  SCV  
  19  1:31  Orbital Command, Reaper  
  20  1:42  Command Center  
  20  1:54  Factory  
  20  1:58  SCV  
  21  2:04  Barracks Reactor  
  21  2:08  Supply Depot  
  21  2:12  SCV  
  22  2:18  Refinery  
  22  2:28  SCV  
  23  2:31  Supply Depot  
  23  2:40  SCV  
  24  2:47  Starport  
  24  2:48  Hellion  
  24  2:50  Hellion  
  28  2:53  SCV  
  28  2:56  Orbital Command  
  29  3:05  SCV  
  30  3:11  Hellion  
  30  3:12  Hellion  
  34  3:15  Barracks Tech Lab  
  34  3:17  SCV  
  35  3:27  SCV  
  36  3:29  SCV  
  37  3:37  Marine  
  37  3:38  Supply Depot  
  37  3:39  SCV, Fusion Core  
  39  3:45  SCV  
  40  3:51  SCV, Hellion x2  
  45  3:57  SCV  
  45  4:01  Supply Depot  
  46  4:05  SCV  
  47  4:11  SCV  
  48  4:21  SCV  
  49  4:24  Hellion  
  49  4:25  Hellion  
  49  4:26  Supply Depot  
  49  4:27  Battlecruiser  
  49  4:28  SCV  
  60  4:35  SCV  
  61  4:40  SCV  
  61  4:44  Command Center  
  62  4:49  SCV  
  62  4:50  Hellion  
  65  4:56  Supply Depot  
  65  4:58  Hellion  
  65  4:59  SCV  
  68  5:06  Factory  
  69  5:07  SCV  
  69  5:08  Factory  
  69  5:12  SCV  
  70  5:20  Refinery  
  70  5:21  Supply Depot, Refinery  
  70  5:23  Hellion x2  
  70  5:24  SCV  
  75  5:32  SCV  
  76  5:37  SCV  
  77  5:44  SCV  
  77  5:45  Hellion x2  
  77  5:49  SCV  
  81  5:51  Armory x2  
  81  5:56  Orbital Command  
  75  5:57  SCV  
  75  5:58  Factory Tech Lab x2  
  75  6:03  SCV  
  77  6:10  Hellion  
  77  6:11  Hellion  
  81  6:18  Cyclone, Siege Tank  
  87  6:20  SCV x2  
  89  6:32  SCV  
  89  6:33  Hellion x2  
  89  6:34  SCV  
  89  6:37  Battlecruiser  
  99  6:45  SCV  
  96  6:48  SCV  
  96  6:50  Siege Tank  
  94  7:02  SCV  
  94  7:03  Supply Depot  
  94  7:04  Hellion x5  
  93  7:11  SCV, Hellion x2  
  93  7:14  SCV, Orbital Command, Refinery  
  99  7:16  Refinery  
  99  7:21  Terran Vehicle And Ship Armor Level 1, Terran Vehicle Weapons Level 1  
  99  7:22  Factory  
  99  7:23  SCV, Factory  
  100  7:33  SCV  
  101  7:39  SCV  
  101  7:40  Siege Tank  
  101  7:41  Hellion  
  107  7:45  SCV  
  107  7:46  Siege Tank  
  109  7:52  SCV  
  109  7:56  Supply Depot x2  
  109  7:57  Supply Depot  
  108  7:58  SCV  
  108  8:00  SCV  
  108  8:01  Engineering Bay  
  110  8:08  Factory Tech Lab, Factory Reactor  
  110  8:09  Hellion x2  
  110  8:10  SCV  
  110  8:11  SCV  
  116  8:14  SCV  
  116  8:19  Siege Tank x2  
  123  8:27  SCV  
  123  8:33  SCV  
  122  8:34  Siege Tank, Hellion x2  
  122  8:38  SCV  
  122  8:40  SCV  
  127  8:44  Battlecruiser  
  127  8:45  SCV  
  132  8:50  Hellion x2  
  136  9:04  Command Center  
  120  9:13  SCV x3  
  123  9:24  Weapon Refit  
  123  9:25  SCV, Refinery  
  123  9:26  Cyclone x3  
  123  9:28  Mag-Field Accelerator  
  133  9:44  Hellion  
  133  9:45  Hellion x3  
  127  9:56  Battlecruiser  
  127  9:58  Cyclone x2, Orbital Command  
  131  10:10  Command Center  
  125  10:24  Hellion x2  
  125  10:25  Factory Tech Lab, Factory Reactor  
  125  10:28  SCV x3  
  132  10:30  Siege Tank x2  
  132  10:33  Command Center  
  140  11:04  Supply Depot x3  
  137  11:07  Supply Depot  
Tags
 
Add a new tag
Caveats
  • Supply blocks, unpowered buildings, or Contaminate may cause inaccurate times.
  • Supply counts are checked every 10 seconds.